 Dungeon Crawl Stone Soup version 0.29-a0-330-g52719c12eb (webtiles) character file.

Game seed: 6260559605432717594

192 sanka the Insei (level 5, -2/47 HPs)
             Began as a Gnoll Monk on May 20, 2022.
             Slain by a kobold brigand
             ... wielding a +0 dagger
              (5 damage)
             ... in a sewer.
             The game lasted 00:03:49 (2844 turns).

sanka the Insei (Gnoll Monk)                        Turns: 2844, Time: 00:03:49

Health: -2/47      AC:  2    Str: 10    XL:     5   Next: 71%
Magic:  7/7        EV: 15    Int: 11    God:
Gold:   88         SH:  0    Dex: 15    Spells: 7/7 levels left

rFire   . . .      SeeInvis .     - Unarmed
rCold   . . .      Faith    .   (no shield)
rNeg    . . .      Spirit   .   a - +0 robe
rPois   .          Reflect  .   (no helmet)
rElec   .          Harm     .   (no cloak)
rCorr   .          Rampage  .   (no gloves)
Will    .....                   (no boots)
Stlth   +++.......              (no amulet)
HPRegen 0.15/turn               (no ring)
MPRegen 0.10/turn               (no ring)

@: no status effects
A: fangs 1, strong nose, distributed training
a: no special abilities


You were in a sewer.
You visited 1 branch of the dungeon, and saw 3 of its levels.
You also visited: Sewer.

You collected 88 gold pieces.


Innate Abilities, Weirdness & Mutations

You have very sharp teeth.
Your uncanny sense of smell can sniff out nearby items.
Your experience applies equally to all skills.


   Skills:
 + Level 6.7 Fighting
 + Level 1.6 Short Blades
 + Level 1.6 Long Blades
 + Level 1.6 Axes
 + Level 1.6 Maces & Flails
 + Level 1.6 Polearms
 + Level 1.6 Staves
 + Level 1.6 Slings
 + Level 1.6 Bows
 + Level 1.6 Crossbows
 + Level 1.6 Throwing
 + Level 1.6 Armour
 + Level 6.7 Dodging
 + Level 4.4 Stealth
 + Level 1.6 Shields
 + Level 6.7 Unarmed Combat
 + Level 1.6 Spellcasting
 + Level 1.2 Conjurations
 + Level 1.2 Hexes
 + Level 1.2 Summonings
 + Level 1.2 Necromancy
 + Level 1.2 Translocations
 + Level 1.2 Transmutations
 + Level 1.2 Fire Magic
 + Level 1.2 Ice Magic
 + Level 1.2 Air Magic
 + Level 1.2 Earth Magic
 + Level 1.2 Poison Magic
 + Level 1.8 Invocations
 + Level 1.6 Evocations


You had 7 spell levels left.
You didn't know any spells.
Your spell library was empty.

Inventory:

Armour
 a - a +0 robe (worn)
Scrolls
 d - 4 scrolls of identify {unknown}
 f - a scroll of acquirement {unknown}
 j - a scroll of fear {unknown}
 l - 2 scrolls of summoning {unknown}
 m - a scroll of teleportation {unknown}
 n - a scroll of noise {unknown}
 p - a scroll of vulnerability {unknown}
 q - a scroll of immolation {unknown}
Potions
 b - a potion of invisibility {unknown}
 c - 2 potions of brilliance {unknown}
 e - a potion of haste {unknown}
 g - a potion of might {unknown}
 h - 2 potions of curing {unknown}
 i - a potion of flight {unknown}
 k - a potion of cancellation {unknown}
 o - 2 potions of berserk rage {unknown}

Dungeon Overview and Level Annotations

Branches:
Dungeon (3/15)              Sewer (1/1)

Altars:

▒▒▒.≈≈≈.▒ ▒.≈≈≈.▒
▒▒≈≈≈≈.▒▒
▒..≈≈)†.▒▒▒▒▒▒▒▒▒▒▒▒▒▒▒▒
▒..≈≈≈≈≈≈≈≈≈≈≈≈≈≈≈≈≈≈≈≈≈
▒≈.≈≈≈.≈▒▒▒▒▒▒▒▒▒▒▒▒▒▒▒▒
▒.≈≈≈≈.≈▒ ▒.≈K≈≈≈≈▒
▒≈≈≈≈≈Kg▒ ▒.≈≈≈≈KK▒
▒.≈≈≈≈≈K▒ ▒.≈≈≈≈≈.▒
▒..≈≈≈..▒ ▒▒▒▒.▒▒▒▒ ..
...


You could see 2 kobold brigands and 3 kobolds.


Message History

The kobold brigand splashes around in the water.
The kobold brigand misses you. The kobold misses you.
Unknown command.
You hit the kobold brigand but do no damage.
The kobold brigand is almost dead.
The kobold brigand closely misses you.
Unknown command.
You closely miss the kobold brigand.
The kobold brigand is almost dead.
The kobold barely misses you.
The kobold brigand hits you with a +0 whip.
* * * LOW HITPOINT WARNING * * *
The kobold brigand misses you.
You hit the kobold brigand.
The kobold brigand is almost dead.
The kobold hits you with a +0 dagger.
* * * LOW HITPOINT WARNING * * *
The kobold brigand hits you with a +0 whip.
* * * LOW HITPOINT WARNING * * *
You closely miss the kobold brigand.
The kobold brigand is almost dead.
The kobold brigand splashes around in the water.
The kobold brigand barely misses you. The kobold hits you but does no damage.
You hit the kobold brigand but do no damage.
Your bite misses the kobold brigand.
The kobold brigand is almost dead.
The kobold brigand hits you with a +0 dagger.
You die...

Action                   |  1- 3 |  4- 6 || total
-------------------------+-------+-------++-------
Melee: Unarmed           |    59 |   130 ||   189
       Bite              |     3 |    15 ||    18
       Punch             |     1 |     3 ||     4
  Use: Potion            |     1 |       ||     1
 Stab: Sleeping          |     5 |     5 ||    10
Armor: Robe              |     7 |    20 ||    27
Dodge: Dodged            |    40 |    95 ||   135

Levels and vault maps discovered:
D:1:      nzn_arrival_crosshair, layout_basic, grunt_decor_junction,
          hangedman_glass_teeth
D:2:      layout_basic
D:3:      layout_rooms, portal_sewer_entry_e
Sewer:    sewer_kobolds

Notes
Turn   | Place    | Note
-------+----------+-------------------------------------------
     0 | D:1      | sanka the Gnoll Monk began the quest for the Orb.
     0 | D:1      | Reached XP level 1. HP: 23/23 MP: 1/1
   415 | D:1      | Reached XP level 2. HP: 29/29 MP: 2/2
   781 | D:1      | Reached XP level 3. HP: 35/35 MP: 3/3
  1133 | D:2      | Reached skill level 1 in Invocations
  1246 | D:2      | Reached skill level 1 in Short Blades
  1246 | D:2      | Reached skill level 1 in Long Blades
  1246 | D:2      | Reached skill level 1 in Axes
  1246 | D:2      | Reached skill level 1 in Maces & Flails
  1246 | D:2      | Reached skill level 1 in Polearms
  1246 | D:2      | Reached skill level 1 in Staves
  1246 | D:2      | Reached skill level 1 in Slings
  1246 | D:2      | Reached skill level 1 in Bows
  1246 | D:2      | Reached skill level 1 in Crossbows
  1246 | D:2      | Reached skill level 1 in Throwing
  1246 | D:2      | Reached skill level 1 in Armour
  1246 | D:2      | Reached skill level 1 in Shields
  1246 | D:2      | Reached skill level 1 in Spellcasting
  1246 | D:2      | Reached skill level 1 in Evocations
  1246 | D:2      | Reached XP level 4. HP: 36/41 MP: 5/5
  1974 | D:3      | Reached skill level 1 in Conjurations
  1974 | D:3      | Reached skill level 1 in Hexes
  1974 | D:3      | Reached skill level 1 in Summonings
  1974 | D:3      | Reached skill level 1 in Necromancy
  1974 | D:3      | Reached skill level 1 in Translocations
  1974 | D:3      | Reached skill level 1 in Transmutations
  1974 | D:3      | Reached skill level 1 in Fire Magic
  1974 | D:3      | Reached skill level 1 in Ice Magic
  1974 | D:3      | Reached skill level 1 in Air Magic
  1974 | D:3      | Reached skill level 1 in Earth Magic
  1974 | D:3      | Reached skill level 1 in Poison Magic
  2199 | D:3      | Reached XP level 5. HP: 47/47 MP: 6/6
  2429 | D:3      | Found a glowing drain.
  2528 | Sewer    | Entered a sewer
  2811 | Sewer    | Noticed a kobold brigand
  2818 | Sewer    | Noticed a kobold brigand
  2842 | Sewer    | HP: 3/47 [kobold brigand/+0 whip (4)]
  2844 | Sewer    | Slain by a kobold brigand

Vanquished Creatures
  An iguana (D:3)
  An orc wizard (D:3)
  6 adders
  A river rat (Sewer)
  A dart slug (D:1)
  2 orcs (D:3)
  5 bats
  5 endoplasms
  2 giant cockroaches
  4 goblins
  8 hobgoblins
  A jackal (Sewer)
  2 quokkas
  6 ball pythons
  3 frilled lizards (D:1)
  4 kobolds
  5 rats
57 creatures vanquished.

Vanquished Creatures (others)
  An orc wizard (D:3)
1 creature vanquished.

Grand Total: 58 creatures vanquished
